 Dungeon Crawl Stone Soup version 0.30.1-9-gdf580d7c3d (webtiles) character file.

Game seed: 14364547726256901000

675 Ivernyr the Shield-Bearer (level 7, -19/56 HPs)
             Began as a Formicid Fighter on Sept 27, 2023.
             Demolished by a two-headed ogre
             ... wielding a +0 giant club
              (32 damage)
             ... on level 5 of the Dungeon.
             The game lasted 00:07:20 (4094 turns).

Ivernyr the Shield-Bearer (Formicid Fighter)        Turns: 4094, Time: 00:07:21

Health: -19/56     AC:  8    Str: 22    XL:     7   Next: 91%
Magic:  7/7        EV:  9    Int:  8    God:
Gold:   237        SH:  6    Dex: 19    Spells: 6/6 levels left

rFire   . . .        a - +0 quarterstaff
rCold   . . .        c - +0 buckler
rNeg    . . .        b - +0 scale mail
rPois   .            (helmet unavailable)
rElec   .            (no cloak)
rCorr   +            B - +0 pair of gloves
SInv    +            (no boots)
Will    .....        (no amulet) Stlth
                     n - ring of resist corrosion
HPRegen 0.29/turn    v - +6 ring of dexterity
MPRegen 0.10/turn

%: no passive effects
@: mighty
A: permanent stasis, dig shafts and tunnels, antennae 3, four strong arms
a: Dig, Shaft Self


You were on level 5 of the Dungeon.
You visited 2 branches of the dungeon, and saw 6 of its levels.

You collected 237 gold pieces.

Inventory:

Hand Weapons
 a - a +0 quarterstaff (weapon)
Armour
 b - a +0 scale mail (worn)
 c - a +0 buckler (worn)
 B - a +0 pair of gloves (worn)
Jewellery
 n - a ring of resist corrosion (left hand)
 v - a +6 ring of dexterity (right hand)
Wands
 q - a wand of roots (8)
 r - a wand of flame (7)
 E - a wand of charming (8)
Scrolls
 e - a scroll of blinking {unknown}
 g - a scroll of vulnerability {unknown}
 j - a scroll of silence {unknown}
 k - a scroll of teleportation {unknown}
 l - a scroll of poison {unknown}
 m - a scroll of brand weapon {unknown}
 x - a scroll of identify {unknown}
 y - a scroll of enchant armour {unknown}
 z - a scroll of fear {unknown}
 C - a scroll of fog {unknown}
Potions
 d - a potion of might
 f - a potion of magic {unknown}
 h - a potion of attraction {unknown}
 i - 3 potions of curing {unknown}
 o - a potion of berserk rage {unknown}
 p - a potion of lignification {unknown}
 s - a potion of mutation {unknown}
 t - a potion of degeneration {unknown}
 u - a potion of ambrosia {unknown}
 w - a potion of resistance {unknown}
 A - a potion of heal wounds {unknown}
 D - a potion of cancellation {unknown}


   Skills:
 + Level 5.1 Fighting
 * Level 5.4 Staves
 + Level 5.1 Armour
 + Level 6.1 Shields


You had 6 spell levels left.
You didn't know any spells.
Your spell library contained the following spells:

 Spells                   Type           Power      Damage    Failure   Level
 Poisonous Vapours        Pois/Air       0%         N/A       89%         2
 Hailstorm                Conj/Ice       0%         3d3       98%         3
 Mephitic Cloud           Conj/Pois/Air  0%         N/A       98%         3
 Ice Form                 Ice/Tmut       0%         N/A       100%        4
 Freezing Cloud           Conj/Ice/Air   0%         6-21      100%        5
 Simulacrum               Ice/Necr       0%         N/A       100%        6


Dungeon Overview and Level Annotations

Branches:
Dungeon (5/15)             Temple (1/1) D:4

Altars:
Ashenzari
Cheibriados
Elyvilon
Kikubaaqudgha
Nemelex Xobeh
Qazlal
Uskayaw
Wu Jian
Xom
Yredelemnul
Zin
The Shining One

Shops:
D:2 (

Annotations:
D:3 2 transporters, kebabshishkebab's ghost, weakling MiGl


Innate Abilities, Weirdness & Mutations

You cannot be hasted, slowed, berserked, paralysed or teleported.
You can dig through walls and to a lower floor.
You have a pair of large antennae on your head. (SInv)
Your four strong arms can wield two-handed weapons with a shield.


Message History

a +0 ring mail; a hobgoblin skeleton
There is a stone staircase leading down here.
You climb downwards.
You sense a monster nearby.
Found a sling.
There is a stone staircase leading up here.
You see here a +0 sling.
You sense a monster nearby.
Found a flail.
Found a glowing puce potion.
You now have 220 gold pieces (gained 12).
D - a glowing puce potion
Found a dagger.
You sense a monster nearby.
You now have 230 gold pieces (gained 10).
Found a stone staircase leading up.
E - a wand of charming (8)
You now have 237 gold pieces (gained 7).
A two-headed ogre comes into view.
It is wielding a +0 giant club and a +0 giant spiked club.
The two-headed ogre shouts in stereo!
A phantom comes into view.
You feel very mighty all of a sudden.
You thump the two-headed ogre!
The two-headed ogre is lightly wounded.
The two-headed ogre hits you with a +0 giant club!!
The two-headed ogre hits you with a +0 giant spiked club!
* * * LOW HITPOINT WARNING * * *
You bludgeon the two-headed ogre!!
The two-headed ogre is heavily wounded.
You thump the two-headed ogre!
The two-headed ogre is heavily wounded.
The two-headed ogre closely misses you. The two-headed ogre barely misses you.
The phantom barely misses you.
You sock the two-headed ogre!
The two-headed ogre is severely wounded.
The phantom hits you.
* * * LOW HITPOINT WARNING * * *
The two-headed ogre hits you with a +0 giant club!!
Ouch! That really hurt!
You die...

#### #..
#.# ##.###
#...W#####.
#..@O......
#..#.##....
#..#.# .
##.#.#
#.#.#
#.#+##
####....# .
#..##...#
..
#..##...#


You could see a two-headed ogre and a phantom.

Vanquished Creatures
  Grinder (D:4)
  Sigmund (D:4)
  A black bear (D:4)
  Natasha (thrice) (D:3)
  4 gnolls
  3 adders
  A worm (D:2)
  A dart slug (D:1)
  4 ball pythons
  11 endoplasms
  3 giant cockroaches (D:1)
  3 goblins
  11 hobgoblins
  10 jackals
  6 kobolds
  5 quokkas
  3 bats
  A frilled lizard (D:1)
  6 rats
  A spectral kobold (D:1)
79 creatures vanquished.

Notes
Turn   | Place    | Note
-------+----------+-------------------------------------------
     0 | D:1      | Ivernyr the Formicid Fighter began the quest for the Orb.
     0 | D:1      | Reached XP level 1. HP: 18/18 MP: 1/1
    74 | D:1      | Reached XP level 2. HP: 7/24 MP: 2/2
   206 | D:1      | Reached XP level 3. HP: 29/29 MP: 3/3
   632 | D:1      | Found a faded altar of an unknown god.
  1135 | D:2      | Reached XP level 4. HP: 37/37 MP: 4/4
  1357 | D:2      | Found a sparkling altar of Nemelex Xobeh.
  1759 | D:2      | Reached XP level 5. HP: 37/42 MP: 5/5
  1866 | D:2      | Found Qiujibu's Antique Weapon Shoppe.
  2114 | D:3      | Identified the +7 long sword "Spider's Peril" {pain, Dex+2}
  2127 | D:3      | Noticed an ogre
  2128 | D:3      | Noticed kebabshishkebab's ghost (weakling MiGl)
  2131 | D:3      | Found a transporter.
  2138 | D:3      | Found a transporter.
  2147 | D:3      | Noticed Natasha
  2157 | D:3      | Killed Natasha
  2258 | D:3      | Noticed Natasha
  2267 | D:3      | Killed Natasha
  2268 | D:3      | Reached skill level 5 in Shields
  2345 | D:3      | Noticed Natasha
  2357 | D:3      | Killed Natasha
  2358 | D:3      | Reached XP level 6. HP: 42/48 MP: 6/6
  2697 | D:4      | Noticed a black bear
  2727 | D:4      | Killed a black bear
  3107 | D:4      | Noticed Sigmund
  3138 | D:4      | Killed Sigmund
  3139 | D:4      | Reached XP level 7. HP: 16/55 MP: 7/7
  3313 | D:4      | Found a staircase to the Ecumenical Temple.
  3322 | Temple   | Entered the Ecumenical Temple
  3322 | Temple   | Noticed an Executioner
  3322 | Temple   | Noticed a red devil
  3323 | Temple   | Noticed Remeal the pandemonium lord
  3323 | Temple   | Noticed Oboheshre the pandemonium lord
  3323 | Temple   | Noticed a Brimstone Fiend
  3324 | Temple   | Noticed a sun demon
  3324 | Temple   | Noticed an Ice Fiend
  3353 | Temple   | Noticed Veruod the pandemonium lord
  3353 | Temple   | Noticed a red devil
  3354 | Temple   | Noticed a Hell Sentinel
  3363 | Temple   | Noticed a reaper
  3369 | Temple   | Noticed a shadow demon
  3370 | Temple   | Noticed a sun demon
  3372 | Temple   | Noticed Utapoasm the pandemonium lord
  3378 | Temple   | Noticed Umumaw the pandemonium lord
  3392 | Temple   | Noticed a hellwing
  3393 | Temple   | Noticed Sedwoemear the pandemonium lord
  3393 | Temple   | Noticed an Ice Fiend
  3393 | Temple   | Noticed a green death
  3471 | D:4      | Reached skill level 5 in Staves
  3521 | D:4      | Noticed Grinder
  3535 | D:4      | Killed Grinder
  3536 | D:4      | Reached skill level 5 in Fighting
  3536 | D:4      | Reached skill level 5 in Armour
  3536 | D:4      | Reached skill level 6 in Shields
  3999 | D:5      | Entered Level 5 of the Dungeon
  4085 | D:5      | Noticed a two-headed ogre
  4094 | D:5      | Demolished by a two-headed ogre

Illustrated notes

Levels and vault maps discovered:
D:1:      heliophobic_arrival_battle_scene, layout_basic,
          dreamdust_ecumenical_altar_drowned_temple,
          chequers_serial_rivers_micro_d, nicolae_grassy_gnolls
D:2:      minmay_evil_eye, layout_basic, serial_shops, shop, basic_altar,
          serial_bayou_lagoon_a
D:3:      layout_rooms, gammafunk_ghost_smash, hangedman_glass_teeth,
          uniq_natasha
D:4:      layout_layer_cave, temple_fountains, uniq_sigmund, uniq_grinder
D:5:      minmay_chambers_of_fours, layout_basic, kennysheep_path_1, nrook_uturn
Temple:   nicolae_temple_panitentiary

Skill      XL: |  1  2  3  4  5  6  7 |
---------------+----------------------+-----
Staves         | 3 4 5 |  5.4
Fighting       | 4 5 |  5.1
Armour         | 4 5 |  5.1
Shields        | 5 6 |  6.1

Action                     |  1- 3 |  4- 6 |  7- 9 || total
---------------------------+-------+-------+-------++-------
  Melee: Quarterstaff      |    88 |   144 |    18 ||   250
    Use: Potion            |       |       |     1 ||     1
 Armour: Scale mail        |    40 |    57 |     2 ||    99
  Dodge: Dodged            |    35 |    70 |     8 ||   113
  Block: Buckler           |    20 |    47 |     1 ||    68
